 Dungeon Crawl Stone Soup version 0.31.0-9-g3a7656b989 (webtiles) character file.

Game seed: 6713076683698603268

9070 MacCMillion the Cleaver (level 11, -9/99 HPs)
             Began as a Hill Orc Fighter on Jan 24, 2024.
             Was a Believer of Lugonu.
             Mangled by Urug
             ... wielding a +0 vampiric battleaxe
              (18 damage)
             ... on level 10 of the Dungeon.
             The game lasted 00:18:38 (13555 turns).

MacCMillion the Cleaver (Hill Orc Fighter)         Turns: 13555, Time: 00:18:39

Health: -9/99      AC: 14    Str: 24    XL:     11   Next: 40%
Magic:  18/18      EV:  7    Int:  8    God:    Lugonu [**....]
Gold:   1526       SH:  4    Dex: 10    Spells: 10/10 levels left

rFire   + . .        a - +0 war axe (freeze)
rCold   + . .        c - +0 buckler
rNeg    . . .        F - +0 plate armour
rPois   .            (no helmet)
rElec   .            j - scarf {rC+ rF+}
rCorr   .            (no gloves)
SInv    .            (no boots)
Will    +....        (no amulet) Stlth
                     m - ring of willpower
HPRegen 0.36/turn    (no ring)
MPRegen 0.16/turn

%: no passive effects
@: mighty
A: no striking features
a: Renounce Religion, Depart the Abyss, Banish


You were on level 10 of the Dungeon.
You worshipped Lugonu.
Lugonu was pleased with you.
You visited 1 branch of the dungeon, and saw 10 of its levels.

You collected 1526 gold pieces.

Inventory:

Hand Weapons
 a - a +0 war axe of freezing (weapon)
 B - a +2 hand axe of electrocution
Missiles
 k - 12 boomerangs
 l - 3 javelins
 D - 7 poisoned darts (quivered)
 J - a throwing net
Armour
 c - a +0 buckler (worn)
 j - a scarf of resistance (worn)
 y - a +0 chain mail
 F - a +0 plate armour (worn)
Jewellery
 m - a ring of willpower (left hand)
 E - an amulet of magic regeneration
 I - a ring of fire
Wands
 d - a wand of polymorph (6)
 t - a wand of charming (17)
 K - a wand of digging (1)
Scrolls
 e - a scroll of fear
 h - 4 scrolls of teleportation
 i - 2 scrolls of noise {unknown}
 n - a scroll of immolation {unknown}
 p - a scroll of brand weapon
 s - a scroll of fog {unknown}
 w - a scroll of poison {unknown}
 A - a scroll of enchant armour {unknown}
 C - a scroll of torment {unknown}
 G - 2 scrolls of revelation {unknown}
 H - 2 scrolls of vulnerability {unknown}
 L - a scroll of identify
Potions
 b - a potion of magic {unknown}
 f - a potion of degeneration {unknown}
 g - a potion of enlightenment
 o - 2 potions of invisibility
 q - a potion of mutation
 r - a potion of cancellation
 u - a potion of curing
 v - 3 potions of heal wounds {unknown}
 x - 5 potions of haste
 z - 2 potions of ambrosia


   Skills:
 - Level 10.0 Fighting
 + Level 14.1 Axes
 + Level 9.3 Armour
 - Level 2.0 Dodging
 - Level 4.0 Shields
 + Level 9.8 Invocations


You had 10 spell levels left.
You didn't know any spells.
Your spell library contained the following spells:

 Spells                   Type           Power      Damage    Failure   Level
 Static Discharge         Conj/Air       0%         3-3/arc   100%        2
 Airstrike                Air            0%         2d(0-16)  100%        4
 Summon Blazeheart Golem  Fire/Summ      0%         N/A       100%        4
 Summon Lightning Spire   Summ/Air       0%         N/A       100%        4
 Summon Forest            Summ/Tloc      0%         N/A       100%        5
 Summon Mana Viper        Hex/Summ       0%         N/A       100%        5
 Summon Cactus Giant      Summ           0%         N/A       100%        6
 Orb of Destruction       Conj           0%         9d5       100%        7
 Spellforged Servitor     Conj/Summ      0%         N/A       100%        7


Dungeon Overview and Level Annotations

Branches:
Dungeon (10/15)            Temple (0/1) D:6            Lair (0/5) D:8
    Orc: D:9-12

Altars:
Nemelex Xobeh
The Shining One
Lugonu

Shops:
D:2 *   D:9 (

Portals:
Abyss: D:4

Annotations:
D:10 Urug


Message History

Urug is lightly wounded.
You hit Urug. You freeze Urug.
Urug is lightly wounded.
Urug barely misses you.
You closely miss Urug.
Urug is lightly wounded.
Urug hits you with a +0 vampiric battleaxe!!
Urug draws strength from your wounds!
You slash Urug! You freeze Urug.
Urug is moderately wounded.
Urug hits you with a +0 vampiric battleaxe!
Urug draws strength from your wounds!
You hit Urug. You freeze Urug.
Urug is moderately wounded.
Urug hits you with a +0 vampiric battleaxe.
You hit Urug. You freeze Urug.
Urug is heavily wounded.
Urug hits you with a +0 vampiric battleaxe!!
Urug draws strength from your wounds!
You hit Urug. You freeze Urug.
Urug is moderately wounded.
You feel very mighty all of a sudden.
Urug hits you with a +0 vampiric battleaxe!
* * * LOW HITPOINT WARNING * * *
Urug draws strength from your wounds!
You barely miss Urug.
Urug is moderately wounded.
Urug closely misses you.
You hit Urug but do no damage.
Urug is moderately wounded.
You block Urug's attack.
You slice Urug!! You freeze Urug!
Urug is severely wounded.
Urug hits you with a +0 vampiric battleaxe!
* * * LOW HITPOINT WARNING * * *
You closely miss Urug.
Urug is severely wounded.
Urug hits you with a +0 vampiric battleaxe!!
You die...
Urug screams, "Revenge at last!"

#.†.......# #......# #.
#.#######.#
#.####.########^ #.# #.#
#.# #.......... #.#####
#.# ######..........
......# #.#
....##.......... ......#
#.# ....##..........
......#
#.#######....##........).
......#
#............##........).
......#
########@....##.........)
......#
#.o...##..........
......#
#(....####'######.
......# ##....# #.# #.
......# ....# #.# #.
...... ....# #.# #. .....
##### #.# #. #.# ###. ###
#...


You could see Urug.

Vanquished Creatures
  2 two-headed ogres
  Amaemon (D:10)
  Pikel (D:5)
  A gargoyle (D:8)
  A troll (D:9)
  Grinder (D:6)
  Eustachio (D:6)
  A wraith (D:9)
  8 yaks
  5 wyverns
  3 steam dragons (D:7)
  An acid dragon (D:10)
  3 water moccasins
  4 orc warriors
  A sky beast (D:7)
  2 ice beasts
  2 black bears
  5 centaurs
  2 phantoms
  A kobold brigand (D:7)
  4 gnoll sergeants
  A scorpion (D:6)
  4 wights (D:8)
  4 howler monkeys
  A jelly (D:6)
  3 orc priests
  A gnoll bouda (D:3)
  2 hounds
  A sleepcap (D:6)
  2 iguanas (D:4)
  Natasha (thrice) (D:2)
  4 orc wizards
  20 gnolls
  9 adders
  4 ufetubi
  2 dart slugs (D:3)
  A ribbon worm (D:3)
  26 orcs
  2 bats
  7 endoplasms
  2 giant cockroaches
  5 goblins
  13 hobgoblins
  3 jackals (D:3)
  6 quokkas
  2 ball pythons
  7 frilled lizards
  7 kobolds
  6 rats (D:1)
  A lurking horror (D:4)
199 creatures vanquished.

Vanquished Creatures (others)
  A gnoll (D:9)
  A lurking horror (D:4)
2 creatures vanquished.

Grand Total: 201 creatures vanquished

Notes
Turn   | Place    | Note
-------+----------+-------------------------------------------
     0 | D:1      | MacCMillion the Hill Orc Fighter began the quest for the
                  | Orb.
     0 | D:1      | Reached XP level 1. HP: 19/19 MP: 1/1
    46 | D:1      | Reached skill level 3 in Axes
   218 | D:1      | Reached XP level 2. HP: 26/26 MP: 2/2
   597 | D:1      | Reached XP level 3. HP: 29/31 MP: 3/3
   905 | D:2      | Reached skill level 4 in Axes
   926 | D:2      | Noticed Natasha
   939 | D:2      | Killed Natasha
   940 | D:2      | Reached XP level 4. HP: 10/39 MP: 4/4
  1196 | D:2      | Reached skill level 5 in Axes
  1366 | D:2      | Found Idax's Assorted Antiques.
  1743 | D:2      | Found a faded altar of an unknown god.
  1784 | D:2      | Noticed Natasha
  1798 | D:2      | Killed Natasha
  2323 | D:2      | Noticed Natasha
  2331 | D:2      | Killed Natasha
  2332 | D:2      | Reached skill level 6 in Axes
  2332 | D:2      | Reached XP level 5. HP: 32/45 MP: 5/5
  2824 | D:3      | Reached skill level 7 in Axes
  3201 | D:4      | Found a glowing golden altar of the Shining One.
  3212 | D:4      | Found Tetis's Jewellery Emporium.
  3233 | D:3      | Reached XP level 6. HP: 16/51 MP: 6/6
  3549 | D:4      | Reached skill level 8 in Axes
  3733 | D:4      | Found a one-way gate to the infinite horrors of the Abyss.
  4258 | D:4      | Found a corrupted altar of Lugonu.
  4388 | D:4      | Reached skill level 9 in Axes
  4490 | D:5      | Entered Level 5 of the Dungeon
  4511 | D:5      | Noticed Pikel
  4557 | D:5      | Killed Pikel
  4558 | D:5      | Reached skill level 10 in Axes
  4558 | D:5      | Reached skill level 1 in Dodging
  4558 | D:5      | Reached XP level 7. HP: 28/60 MP: 7/7
  4558 | D:5      | Reached XP level 8. HP: 31/67 MP: 8/8
  4921 | D:4      | Became a worshipper of Lugonu the Unformed
  5137 | D:5      | Reached skill level 1 in Invocations
  5200 | D:5      | Reached skill level 5 in Fighting
  6242 | D:6      | Found a staircase to the Ecumenical Temple.
  6253 | D:6      | Reached skill level 5 in Armour
  6294 | D:6      | Noticed Grinder
  6294 | D:6      | Paralysed by Grinder for 5 turns
  6305 | D:6      | Killed Grinder
  6306 | D:6      | Reached skill level 11 in Axes
  6608 | D:6      | Reached XP level 9. HP: 64/75 MP: 10/12
  6750 | D:6      | Noticed Eustachio
  6773 | D:6      | Killed Eustachio
  7167 | D:7      | Found a sparkling altar of Nemelex Xobeh.
  7834 | D:7      | Reached * piety under Lugonu
  7841 | D:7      | Reached skill level 5 in Invocations
  8206 | D:8      | Noticed a two-headed ogre
  8297 | D:8      | Noticed a gargoyle
  8602 | D:8      | Reached skill level 12 in Axes
  8682 | D:8      | Killed a two-headed ogre
  8683 | D:8      | Reached XP level 10. HP: 58/88 MP: 13/15
  9675 | D:8      | Found a staircase to the Lair.
  9746 | D:8      | Killed a gargoyle
  9747 | D:8      | Reached skill level 13 in Axes
  9966 | D:8      | Noticed a two-headed ogre
 10003 | D:7      | Killed a two-headed ogre
 11075 | D:9      | Reached ** piety under Lugonu
 11146 | D:9      | Found Rubuenyum's Antique Weapon Boutique.
 11161 | D:9      | Reached XP level 11. HP: 60/97 MP: 17/17
 11529 | D:10     | Entered Level 10 of the Dungeon
 12425 | D:10     | Noticed Amaemon
 12442 | D:10     | Killed Amaemon
 12850 | D:10     | Identified a scroll of acquirement
 12859 | D:10     | Acquired 853 gold pieces
 12875 | D:10     | Reached skill level 10 in Fighting
 12995 | D:10     | Reached skill level 14 in Axes
 13538 | D:10     | Noticed Urug
 13555 | D:10     | Mangled by Urug

Illustrated notes

Levels and vault maps discovered:
D:1:      dpeg_arrival_morbid_curiosity, layout_rooms
D:2:      layout_basic, serial_shops, shop,
          shapermc_ecumenical_altar_mp_ritualfount, uniq_natasha
D:3:      layout_loops_ring, serial_park_tiny_2
D:4:      layout_cave_pools, mainiacjoe_overflow_tiny_flanked, serial_shops,
          shop, nicolae_hexahallways, amcnicky_altar_lugonu_corruption
D:5:      layout_loops_ring, uniq_pikel
D:6:      layout_loops_ring, minmay_temple_entry_nine_rooms, uniq_eustachio,
          uniq_grinder
D:7:      cheibrodos_steamvent, layout_loops_cross,
          nemelex_xobeh_ov_fountains_minmay
D:8:      layout_basic, minmay_lair_entry_grove
D:9:      layout_cross, serial_shops, nicolae_shop_getting_attention
D:10:     layout_basic, nicolae_overflow_crystal_walls, nicolae_zig_zag_zippers,
          uniq_lodul, uniq_amaemon, uniq_urug

Skill      XL: |  1  2  3  4  5  6  7  8  9 10 11 |
---------------+----------------------------------+-----
Axes           | 3 4 6 7 10 11 12 13 14 | 14.1
Shields        | 4 |  4.0
Fighting       | 4 6 8 9 10 | 10.0
Armour         | 4 5 7 8 9 |  9.3
Dodging        | 1 2 |  2.0
Invocations    | 4 6 8 9 |  9.8

Action                     |  1- 3 |  4- 6 |  7- 9 | 10-12 || total
---------------------------+-------+-------+-------+-------++-------
  Melee: War axe           |    73 |   193 |   161 |   256 ||   683
         Hand axe          |       |       |    75 |    60 ||   135
  Throw: Boomerang         |       |       |     2 |       ||     2
         Dart              |       |       |       |     5 ||     5
 Invoke: Banish            |       |       |       |     1 ||     1
    Use: Scroll            |       |       |    10 |     2 ||    12
         Potion            |       |       |     1 |     3 ||     4
 Armour: Scale mail        |    38 |   105 |   102 |       ||   245
         Chain mail        |       |       |    69 |     1 ||    70
         Skin              |       |       |     1 |       ||     1
         Plate armour      |       |       |       |   287 ||   287
  Dodge: Dodged            |    40 |    73 |    87 |   107 ||   307
  Block: Buckler           |    11 |    43 |    19 |    54 ||   127
